 Dungeon Crawl Stone Soup version 0.29.1-2-gbd0b4ee654 (webtiles) character file.

Game seed: 13419928615103326142

119 DildoBatman the Conjurer (level 5, -5/23 (35) HPs)
             Began as a Formicid Conjurer on Nov 1, 2022.
             Killed from afar by Robin (8 damage)
             ... with a puff of flame
             ... on level 3 of the Dungeon.
             The game lasted 00:07:33 (2286 turns).

DildoBatman the Conjurer (Formicid Conjurer)        Turns: 2286, Time: 00:07:34

HP:   -5/23 (35)    AC:  2    Str: 11    XL:     5   Next: 24%
MP:   1/8           EV: 12    Int: 18    God:
Gold: 219           SH:  0    Dex: 14    Spells: 5/8 levels left

rFire   . . .      SeeInvis +   b - +0 short sword (elec)
rCold   . . .      Faith    .   (no shield)
rNeg    . . .      Spirit   .   u - +0 robe
rPois   .          Reflect  .   (helmet unavailable)
rElec   .          Harm     .   (no cloak)
rCorr   .          Rampage  .   (no gloves)
Will    .....                   (no boots)
Stlth   ++........              (no amulet)
HPRegen 0.07/turn               (no ring)
MPRegen 0.11/turn               (no ring)

@: very heavily drained
A: permanent stasis, dig shafts and tunnels, antennae 3, four strong arms
a: Dig, Shaft Self


You were on level 3 of the Dungeon.
You visited 1 branch of the dungeon, and saw 4 of its levels.

You collected 219 gold pieces.

Inventory:

Hand Weapons
 a - a +0 sling
 b - a +0 short sword of electrocution (weapon)
Missiles
 k - 5 javelins
 q - 18 stones (quivered)
Armour
 u - a +0 robe (worn)
Magical Staves
 o - a staff of earth
Scrolls
 c - a scroll of teleportation {unknown}
 d - a scroll of magic mapping {unknown}
 e - 3 scrolls of identify {unknown}
 f - a scroll of immolation {unknown}
 g - 2 scrolls of silence {unknown}
 h - 3 scrolls of noise {unknown}
 i - a scroll of vulnerability {unknown}
 n - 2 scrolls of amnesia {unknown}
 t - a scroll of butterflies {unknown}
 v - a scroll of poison {unknown}
 w - a scroll of summoning {unknown}
Potions
 j - 2 potions of magic
 l - 3 potions of curing {unknown}
 m - a potion of ambrosia {unknown}
 p - a potion of brilliance {unknown}
 r - a potion of might {unknown}
 s - a potion of resistance {unknown}
 x - a potion of attraction {unknown}


   Skills:
 - Level 1.7 Dodging
 - Level 2.4 Stealth
 - Level 2.1 Spellcasting
 * Level 5.6 Conjurations


You had 5 spell levels left.
You knew the following spells:

 Your Spells              Type           Power      Damage    Failure   Level
a - Searing Ray           Conj           44%        2d6       2%          2
c - Magic Dart            Conj           88%        1d7       1%          1

Your spell library contained the following spells:

 Spells                   Type           Power      Damage    Failure   Level
 Dazzling Flash           Conj/Hex       24%        N/A       17%         3
 Fulminant Prism          Conj/Hex       6%         3d7       50%         4
 Iskenderun's Mystic Bla  Conj/Tloc      12%        2d5       50%         4


Dungeon Overview and Level Annotations

Branches:
Dungeon (4/15)
 Temple: D:4-7

Altars:
Xom

Annotations:
D:2 exclusion: gnoll, Ijyb
D:3 Robin


Innate Abilities, Weirdness & Mutations

You cannot be hasted, slowed, berserked, paralysed or teleported.
You can dig through walls and to a lower floor.
You have a pair of large antennae on your head. (SInv)
Your four strong arms can wield two-handed weapons with a shield.


Message History

Press: ? - help, Shift-Dir - straight line, f - Robin
Aim: Robin, wielding a +0 trident, wearing a +0 animal skin, wearing a +0 helmet and carrying a wand of flame (4) (100% to hit)
The magic dart hits Robin.
Robin is moderately wounded.
Robin hits you with a +0 trident.
Casting: Magic Dart (safe; 1% risk of failure)
Confirm with . or Enter, or press ? or * to list all spells.
Aiming: Magic Dart (safe; 1% risk of failure)
Press: ? - help, Shift-Dir - straight line, f/p - Robin
Aim: Robin, wielding a +0 trident, wearing a +0 animal skin, wearing a +0 helmet and carrying a wand of flame (4) (moderately wounded, 100% to hit)
The magic dart hits Robin but does no damage.
Robin is moderately wounded.
Robin hits you with a +0 trident.
Casting: Magic Dart (safe; 1% risk of failure)
Confirm with . or Enter, or press ? or * to list all spells.
Aiming: Magic Dart (safe; 1% risk of failure)
Press: ? - help, Shift-Dir - straight line, f/p - Robin
Aim: Robin, wielding a +0 trident, wearing a +0 animal skin, wearing a +0 helmet and carrying a wand of flame (4) (moderately wounded, 100% to hit)
The magic dart hits Robin.
Robin is moderately wounded.
Casting: Magic Dart (safe; 1% risk of failure)
Confirm with . or Enter, or press ? or * to list all spells.
Aiming: Magic Dart (safe; 1% risk of failure)
Press: ? - help, Shift-Dir - straight line, f/p - Robin
Aim: Robin, wielding a +0 trident, wearing a +0 animal skin, wearing a +0 helmet and carrying a wand of flame (4) (moderately wounded, 100% to hit)
Okay, then.
Casting: Magic Dart (safe; 1% risk of failure)
Confirm with . or Enter, or press ? or * to list all spells.
Aiming: Searing Ray (safe; 2% risk of failure)
Press: ? - help, Shift-Dir - straight line, f/p - Robin
Aim: Robin, wielding a +0 trident, wearing a +0 animal skin, wearing a +0 helmet and carrying a wand of flame (4) (moderately wounded, 84% to hit)
The searing ray misses Robin. (Press . to maintain the ray.) Robin zaps a wand.
The puff of flame misses you.
The searing ray hits Robin!
Robin is almost dead.
Robin zaps a wand.
The puff of flame hits you!
You die...

.♣♣♣♣ ##{# ###.#..#.#...##.##..#.
♣♣ #.## ##.#...............## ♣
##.####..{...........÷...## ♣♣
##g.....#...............##
~♣######...#.###.>..............#
..........#{.# #.................
............####.................
#.........### #g#####.........#..
#.........# ##@# #.........##.
#.........# ### ##.#########.
#.........# ###.#.........
########### #.....########
#..#### ####


You could see Robin.

Vanquished Creatures
  4 adders
  A worm (D:3)
  6 orcs (D:3)
  4 endoplasms
  6 giant cockroaches
  11 goblins
  7 hobgoblins
  2 jackals (D:1)
  2 kobolds (D:1)
  2 quokkas
  3 ball pythons
  5 bats
  5 frilled lizards
  14 rats
72 creatures vanquished.

Vanquished Creatures (others)
  A hobgoblin (D:3)
  40 plants (D:3)
41 creatures vanquished.

Grand Total: 113 creatures vanquished

Notes
Turn   | Place    | Note
-------+----------+-------------------------------------------
     0 | D:1      | DildoBatman the Formicid Conjurer began the quest for the
                  | Orb.
     0 | D:1      | Reached XP level 1. HP: 13/13 MP: 3/3
   134 | D:1      | Reached skill level 4 in Conjurations
   134 | D:1      | Reached XP level 2. HP: 10/19 MP: 0/5
   137 | D:1      | Learned a level 2 spell: Searing Ray
   468 | D:1      | Reached XP level 3. HP: 24/24 MP: 1/6
   496 | D:1      | Found a faded altar of an unknown god.
   917 | D:2      | Reached XP level 4. HP: 27/30 MP: 2/7
   952 | D:2      | Found a shimmering altar of Xom.
  1108 | D:2      | Reached skill level 5 in Conjurations
  1516 | D:3      | Noticed Ijyb
  1715 | D:3      | Noticed Robin
  1838 | D:3      | Reached XP level 5. HP: 35/35 MP: 2/8
  2286 | D:3      | Killed from afar by Robin

Illustrated notes

Levels and vault maps discovered:
D:1:      shiori_arrival_oz, layout_basic,
          chequers_ecumenical_altar_simple_redux
D:2:      layout_loops_corners, basic_altar, cheibrodos_gnoll_hut
D:3:      layout_rooms, serial_bayou, serial_bayou_pond_b, serial_bayou_pond_b,
          serial_bayou_crossing, serial_bayou_lake_a, guppyfry_early_orc_mine,
          uniq_robin, uniq_ijyb
D:4:      layout_cave_pools, ebering_ghost_sewer_d, minivault_1, dk_vineyard_2

Skill      XL: |  1  2  3  4 |
---------------+-------------+-----
Conjurations   | 4 5 |  5.6
Dodging        | |  1.7
Stealth        | |  2.4
Spellcasting   | |  2.1

Action                   |  1- 3 |  4- 6 || total
-------------------------+-------+-------++-------
Melee: Short sword       |    22 |    24 ||    46
 Fire: Sling             |       |    22 ||    22
 Cast: Magic Dart        |    51 |    40 ||    91
       Searing Ray       |       |     5 ||     5
 Abil: Dig               |       |     3 ||     3
 Stab: Sleeping          |     1 |       ||     1
Armor: Robe              |     6 |     8 ||    14
Dodge: Dodged            |    16 |    42 ||    58
